cohdb
Replays
Latest Replays
All Replays
Popular Replays
Top Player Replays
Match Explorer
How It Works
Community
CoH3 Stats
Reddit
Sign in to upload your games and track your stats! →
Sign in with Steam
Match 46308762
Unlisted
Match 46308762
Overview
Messages
Build Orders
End
Construct Infanterie Kompanie
Pioneer Squad
Grenadier Squad
Grenadier Squad
Grenadier Squad
Construct Panzergrenadier Kompanie
Selects Breakthrough Battlegroup
Selects Assault Grenadiers
Selects Breakthrough
Pak 40 Anti-tank Gun Team
Selects Mechanized Assault Group
Mechanized Assault Group
Construct Panzer Kompanie
Selects Rapid Production
Panzer IV Medium Tank
Panzer IV Medium Tank
Medical Station
Selects Blitzkrieg
Pioneer Squad
Pioneer Squad
Side Skirts
Selects Panzer IV Command Tank Sd.Kfz. 161/1
Panzer IV Command Tank
mi prima de Cifuentes
TheCondor
一半的橘子
mr.t-87
樱岛麻衣
✡FOR THE GLORY OF KATHERINE✡
JollyRedRockett
Петро_из_ада_2003!!
0
0
Comments
sign in to comment!
No comments posted yet!